PAAA
FLORIDA MEN @ BLOOMINGTON LONGNECKS
06/15/2036
 
TOP OF THE 1ST
Florida Men batting - Pitching for Bloomington Longnecks : RHP Armando González
Pitching: RHP Armando González
Batting: LHB Ronald Anderson 0-0: Ground out 4-3 (Groundball, 34, EV 103.8 MPH)
Batting: RHB Cam MacIntosh 0-0: Ball
1-0: Called Strike
1-1: Ball
2-1: Ball
3-1: Called Strike
3-2: Base on Balls
Batting: LHB Jim Halpert 0-0: Ball
1-0: Ball
2-0: Swinging Strike
2-1: Ball
3-1: Base on Balls
Cam MacIntosh to second
Batting: LHB Roberto Sánchez 0-0: Fly out, F7 (Flyball, 7, EV 96.2 MPH)
Batting: RHB Jeff Mouton 0-0: 3-RUN HOME RUN (Flyball, 7D, EV 99.4 MPH), Distance : 381 ft
Batting: LHB Badry Maksimenov 0-0: Ball
1-0: Ground out 4-3 (Groundball, 4, EV 90.0 MPH)
Top of the 1st over - 3 runs, 1 hit, 0 errors, 0 left on base; Florida 3 - Bloomington 0
BOTTOM OF THE 1ST
Bloomington Longnecks batting - Pitching for Florida Men : RHP Atila Freska
Pitching: RHP Atila Freska
Batting: LHB Kensaku Hatayama 0-0: Ball
1-0: Foul Ball, location: 2F
1-1: Called Strike
1-2: Ground out U3 (Groundball, 3, EV 102.5 MPH)
Batting: RHB Tony Martínez 0-0: Ball
1-0: Called Strike
1-1: Ball
2-1: Ball
3-1: Swinging Strike
3-2: SINGLE (Line Drive, 34, EV 95.6 MPH)
Batting: RHB Karl Wade 0-0: Ball
Tony Martínez steals 2nd base
1-0: Ball
2-0: 2-RUN HOME RUN (Flyball, 7LD, EV 109.4 MPH), Distance : 338 ft
Batting: RHB Fook Zhŕo 0-0: Hit by Pitch
Batting: LHB Mark Armstead 0-0: Ball
1-0: Ball
2-0: Foul Ball, location: 2F
2-1: Ball
3-1: Base on Balls
Fook Zhŕo to second
Batting: RHB Sébastien Bernard 0-0: Fielders Choice at 2nd, 5-4 (Groundball, 56, EV 86.9 MPH)
Fook Zhŕo to third
Batting: RHB Lev Migranov 0-0: SINGLE (Groundball, 56D, EV 95.6 MPH)
Fook Zhŕo scores
Sébastien Bernard to second
Runner from 2nd tries for 3rd, OUT! 7-5
Bottom of the 1st over - 3 runs, 3 hits, 0 errors, 1 left on base; Florida 3 - Bloomington 3
TOP OF THE 2ND
Florida Men batting - Pitching for Bloomington Longnecks : RHP Armando González
Batting: LHB Rick Mayfield 0-0: Foul Ball, location: 2F
0-1: Fly out, F9 (Flyball, 89D, EV 77.5 MPH)
Batting: RHB José Córdova 0-0: Ball
1-0: Ball
2-0: Ball
3-0: Base on Balls
Batting: RHB Henry Lambright 0-0: Ball
1-0: Swinging Strike
1-1: Ball
2-1: Fly out, F7 (Flyball, 7LSF, EV 85.0 MPH)
Batting: LHB Ronald Anderson 0-0: Ball
1-0: Ball
2-0: SINGLE (Groundball, 6D, EV 101.2 MPH)
José Córdova to second
Batting: RHB Cam MacIntosh 0-0: Foul Ball, location: 2F
0-1: Fly out, F9 (Line Drive, 9D, EV 103.8 MPH)
Top of the 2nd over - 0 runs, 1 hit, 0 errors, 2 left on base; Florida 3 - Bloomington 3
BOTTOM OF THE 2ND
Bloomington Longnecks batting - Pitching for Florida Men : RHP Atila Freska
Batting: RHB Daniel Carr 0-0: Ball
1-0: Swinging Strike
1-1: SINGLE (Line Drive, 4M, EV 98.1 MPH)
Batting: RHB Nestor Tantoco 0-0: Ball
1-0: Called Strike
1-1: Ball
2-1: Foul Ball, location: 2F
2-2: Ball
3-2: Fly out, F6 (Line Drive, 6, EV 70.0 MPH)
Batting: LHB Kensaku Hatayama 0-0: SINGLE (Line Drive, 5D, EV 98.1 MPH)
Daniel Carr to second
Batting: RHB Tony Martínez 0-0: Called Strike
0-1: Foul Ball, location: 2F
0-2: Ball
1-2: Strikes out swinging
Batting: RHB Karl Wade 0-0: Called Strike
0-1: Ball
1-1: Foul Ball, location: 2F
1-2: Fly out, F3 (Popup, 34, EV 60.6 MPH)
Bottom of the 2nd over - 0 runs, 2 hits, 0 errors, 2 left on base; Florida 3 - Bloomington 3
TOP OF THE 3RD
Florida Men batting - Pitching for Bloomington Longnecks : RHP Armando González
Batting: LHB Jim Halpert 0-0: Swinging Strike
0-1: Ball
1-1: Swinging Strike
1-2: SINGLE (Flyball, 8LS, EV 88.1 MPH)
Batting: LHB Roberto Sánchez 0-0: Ball
1-0: Foul Ball, location: 2F
1-1: Ball
2-1: Called Strike
2-2: SINGLE (Groundball, 4MD, EV 95.0 MPH)
Jim Halpert to second
Runner from 2nd tries for 3rd, SAFE, throw by CF made to third
Batting: RHB Jeff Mouton 0-0: Called Strike
0-1: Ball
1-1: Ball
2-1: Swinging Strike
2-2: Strikes out looking
Batting: LHB Badry Maksimenov 0-0: Ball
1-0: Swinging Strike
1-1: Ball
2-1: Foul Ball, location: 2F
2-2: Grounds into double play, 4-6-3 (Groundball, 4, EV 90.0 MPH)
Top of the 3rd over - 0 runs, 2 hits, 0 errors, 1 left on base; Florida 3 - Bloomington 3
BOTTOM OF THE 3RD
Bloomington Longnecks batting - Pitching for Florida Men : RHP Atila Freska
Batting: RHB Fook Zhŕo 0-0: Ball
1-0: Ground out 5-3 (Groundball, 56, EV 91.9 MPH)
Batting: LHB Mark Armstead 0-0: Ball
1-0: Fly out, F8 (Line Drive, 8LD, EV 91.9 MPH)
Batting: RHB Sébastien Bernard 0-0: Ball
1-0: Ball
2-0: Foul Ball, location: 2F
2-1: Ground out 6-3 (Groundball, 6, EV 83.1 MPH)
Bottom of the 3rd over - 0 runs, 0 hits, 0 errors, 0 left on base; Florida 3 - Bloomington 3
TOP OF THE 4TH
Florida Men batting - Pitching for Bloomington Longnecks : RHP Armando González
Batting: LHB Rick Mayfield 0-0: Ball
1-0: Ball
2-0: Foul Ball, location: 2F
2-1: Fly out, F8 (Flyball, 8RM, EV 88.8 MPH)
Batting: RHB José Córdova 0-0: Called Strike
0-1: Ball
1-1: Foul Ball, location: 2F
1-2: Ball
2-2: Ball
3-2: Base on Balls
Batting: RHB Henry Lambright 0-0: Called Strike
0-1: Ball
1-1: Ball
2-1: Fly out, F7 (Flyball, 7S, EV 85.6 MPH)
Batting: LHB Ronald Anderson 0-0: Swinging Strike
0-1: SINGLE (Groundball, 3D, EV 109.4 MPH)
José Córdova to second
Runner from 2nd tries for 3rd, SAFE, no throw by RF
Batting: RHB Cam MacIntosh 0-0: Ball
1-0: Ball
Ronald Anderson steals 2nd base (no throw)
2-0: Called Strike
2-1: Fly out, F8 (Flyball, 8RD, EV 85.0 MPH)
Top of the 4th over - 0 runs, 1 hit, 0 errors, 2 left on base; Florida 3 - Bloomington 3
BOTTOM OF THE 4TH
Bloomington Longnecks batting - Pitching for Florida Men : RHP Atila Freska
Batting: RHB Lev Migranov 0-0: Called Strike
0-1: Swinging Strike
0-2: Ball
1-2: Fly out, F9 (Line Drive, 9, EV 96.2 MPH)
Batting: RHB Daniel Carr 0-0: Ball
1-0: Ball
2-0: Ground out 6-3 (Groundball, 6, EV 88.8 MPH)
Batting: RHB Nestor Tantoco 0-0: Ball
1-0: Ball
2-0: Ball
3-0: Called Strike
3-1: Foul Ball, location: 2F
3-2: Foul Ball, location: 2F
3-2: Foul Ball, location: 2F
3-2: Base on Balls
Batting: LHB Kensaku Hatayama 0-0: Ball
1-0: Foul Ball, location: 2F
1-1: Fly out, F7 (Flyball, 78M, EV 89.4 MPH)
Bottom of the 4th over - 0 runs, 0 hits, 0 errors, 1 left on base; Florida 3 - Bloomington 3
TOP OF THE 5TH
Florida Men batting - Pitching for Bloomington Longnecks : RHP Armando González
Batting: LHB Jim Halpert 0-0: Called Strike
0-1: Ball
1-1: Ground out 5-3 (Groundball, 56, EV 85.6 MPH)
Batting: LHB Roberto Sánchez 0-0: Ball
1-0: Swinging Strike
1-1: SOLO HOME RUN (Flyball, 9D, EV 105.0 MPH), Distance : 349 ft
Batting: RHB Jeff Mouton 0-0: Called Strike
0-1: Ground out 3-1 (Groundball, 34S, EV 78.1 MPH)
Batting: LHB Badry Maksimenov 0-0: Called Strike
0-1: Ball
1-1: Swinging Strike
1-2: Foul Ball, location: 2F
1-2: Foul Ball, location: 2F
1-2: Ball
2-2: Fly out, F9 (Line Drive, 9, EV 99.4 MPH)
Top of the 5th over - 1 run, 1 hit, 0 errors, 0 left on base; Florida 4 - Bloomington 3
BOTTOM OF THE 5TH
Bloomington Longnecks batting - Pitching for Florida Men : RHP Atila Freska
Batting: RHB Tony Martínez 0-0: Foul Ball, location: 2F
0-1: Ball
1-1: Ball
2-1: Ball
3-1: Foul Ball, location: 2F
3-2: Foul Ball, location: 2F
3-2: Base on Balls
Batting: RHB Karl Wade 0-0: Ball
Tony Martínez steals 2nd base
1-0: Ball
2-0: Ball
3-0: Called Strike
3-1: Base on Balls
Batting: RHB Fook Zhŕo 0-0: Ball
1-0: Fly out, F8 (Flyball, 8LS, EV 88.1 MPH)
Runner from 2nd tags up, SAFE at 3rd with throw by CF
Batting: LHB Mark Armstead 0-0: Fielders Choice at 2nd, 4-6 (Groundball, 4, EV 82.5 MPH)
Tony Martínez scores
Batting: RHB Sébastien Bernard 0-0: Called Strike
0-1: Ball
1-1: Ground out 6-3 (Groundball, 4MS, EV 87.5 MPH)
Bottom of the 5th over - 1 run, 0 hits, 0 errors, 1 left on base; Florida 4 - Bloomington 4
TOP OF THE 6TH
Florida Men batting - Pitching for Bloomington Longnecks : RHP Armando González
Pitching: LHP Robby Oglethorpe
Batting: LHB Rick Mayfield 0-0: Foul Ball, location: 2F
0-1: Ball
1-1: Ball
2-1: Fly out, F7 (Flyball, 78D, EV 95.6 MPH)
Batting: RHB José Córdova 0-0: Called Strike
0-1: Foul Ball, location: 2F
0-2: Ball
1-2: Ball
2-2: Foul Ball, location: 2F
2-2: Strikes out looking
Batting: RHB Henry Lambright 0-0: Called Strike
0-1: Called Strike
0-2: Strikes out swinging
Top of the 6th over - 0 runs, 0 hits, 0 errors, 0 left on base; Florida 4 - Bloomington 4
BOTTOM OF THE 6TH
Bloomington Longnecks batting - Pitching for Florida Men : RHP Atila Freska
Batting: RHB Lev Migranov 0-0: SOLO HOME RUN (Flyball, 7D, EV 90.6 MPH), Distance : 372 ft
Pitching: RHP Earl Simmons
Batting: RHB Daniel Carr 0-0: Ball
1-0: Ball
2-0: Called Strike
2-1: Swinging Strike
2-2: DOUBLE (Line Drive, 8RXD, EV 105.0 MPH)
Batting: RHB Nestor Tantoco 0-0: Called Strike
0-1: Swinging Strike
0-2: Foul Ball, location: 2F
0-2: Ball
1-2: Ball
2-2: Ball
3-2: Foul Ball, location: 2F
3-2: Fly out, F9 (Flyball, 9S, EV 85.6 MPH)
Runner from 2nd tags up, SAFE at 3rd with throw by RF
Batting: LHB Kensaku Hatayama 0-0: Intentional Walk
Batting: RHB Tony Martínez 0-0: Ball
1-0: Swinging Strike
1-1: Ball
2-1: Foul Ball, location: 2F
2-2: Ball
3-2: Strikes out looking
Batting: RHB Karl Wade 0-0: Ball
1-0: Foul Ball, location: 2F
1-1: Ball
2-1: Foul Ball, location: 2F
2-2: Ground out 4-3 (Groundball, 4D, EV 102.5 MPH)
Bottom of the 6th over - 1 run, 2 hits, 0 errors, 2 left on base; Florida 4 - Bloomington 5
TOP OF THE 7TH
Florida Men batting - Pitching for Bloomington Longnecks : LHP Robby Oglethorpe
Now at 2B: Henk van Aardschot
Now at 3B: Manny Diéguez
Batting: LHB Ronald Anderson 0-0: Fly out, F7 (Line Drive, 7D, EV 93.1 MPH)
Batting: RHB Cam MacIntosh 0-0: Ball
1-0: Called Strike
1-1: Ball
2-1: Fly out, F8 (Line Drive, 8RD, EV 85.0 MPH)
Batting: LHB Jim Halpert 0-0: Called Strike
0-1: Fly out, F7 (Flyball, 7S, EV 70.0 MPH)
Top of the 7th over - 0 runs, 0 hits, 0 errors, 0 left on base; Florida 4 - Bloomington 5
BOTTOM OF THE 7TH
Bloomington Longnecks batting - Pitching for Florida Men : RHP Earl Simmons
Batting: RHB Fook Zhŕo 0-0: Called Strike
0-1: Ball
1-1: Called Strike
1-2: Strikes out looking
Batting: LHB Mark Armstead 0-0: Foul Ball, location: 2F
0-1: Called Strike
0-2: Ball
1-2: Ball
2-2: Strikes out swinging
Batting: RHB Sébastien Bernard 0-0: Ball
1-0: SINGLE (Line Drive, 34D, EV 103.1 MPH)
Batting: RHB Lev Migranov 0-0: Ball
1-0: Ball
2-0: Swinging Strike
2-1: Ball
Sébastien Bernard steals 2nd, throwing error, E2
Sébastien Bernard to third
3-1: Fly out, F7 (Line Drive, 7D, EV 88.8 MPH)
Bottom of the 7th over - 0 runs, 1 hit, 1 error, 1 left on base; Florida 4 - Bloomington 5
TOP OF THE 8TH
Florida Men batting - Pitching for Bloomington Longnecks : LHP Robby Oglethorpe
Now at 3B: Jack Stidston
Batting: LHB Roberto Sánchez 0-0: Called Strike
0-1: Ball
1-1: Ball
2-1: Foul Ball, location: 2F
2-2: Ball
3-2: SINGLE (Flyball, 7S, EV 93.8 MPH)
Pitching: LHP Bartolomeu Lio
Batting: RHB Jeff Mouton 0-0: Called Strike
0-1: Foul Ball, location: 2F
0-2: Grounds into double play, 4-6-3 (Groundball, 4, EV 79.4 MPH)
Batting: LHB Badry Maksimenov 0-0: Foul Ball, location: 2F
0-1: Ground out 4-3 (Groundball, 4, EV 83.8 MPH)
Top of the 8th over - 0 runs, 1 hit, 0 errors, 0 left on base; Florida 4 - Bloomington 5
BOTTOM OF THE 8TH
Bloomington Longnecks batting - Pitching for Florida Men : RHP Earl Simmons
Batting: LHB Henk van Aardschot 0-0: Ground out 4-3 (Groundball, 4, EV 91.2 MPH)
Batting: RHB Nestor Tantoco 0-0: Called Strike
0-1: Ground out 6-3 (Groundball, 6, EV 104.4 MPH)
Batting: LHB Kensaku Hatayama 0-0: SINGLE (Line Drive, 4M, EV 96.9 MPH)
Batting: RHB Tony Martínez 0-0: Called Strike
Kensaku Hatayama steals 2nd base (no throw)
0-1: Foul Ball, location: 2F
0-2: Ground out 5-3 (Groundball, 5S, EV 95.0 MPH)
Bottom of the 8th over - 0 runs, 1 hit, 0 errors, 1 left on base; Florida 4 - Bloomington 5
TOP OF THE 9TH
Florida Men batting - Pitching for Bloomington Longnecks : LHP Bartolomeu Lio
Batting: LHB Rick Mayfield 0-0: Ball
1-0: Ball
2-0: Called Strike
2-1: Called Strike
2-2: Strikes out swinging
Pinch Hitting: RHB António Pérez 0-0: SINGLE (Groundball, 5S, EV 71.2 MPH) (infield hit)
Batting: RHB Henry Lambright 0-0: Called Strike
0-1: Grounds into double play, 6-4-3 (Groundball, 6, EV 82.5 MPH)
Top of the 9th over - 0 runs, 1 hit, 0 errors, 0 left on base; Florida 4 - Bloomington 5
Wednesday, October 16th, 2019 - OOTP Baseball 20.6 Build 55